 Dungeon Crawl Stone Soup version 0.30-a0-575-g6f4a10e2d2 (webtiles) character file.

Game seed: 1911532294464140701

3138 M4edhros the Insei (level 9, -8/61 HPs)
             Began as an Octopode Artificer on Dec 30, 2022.
             Was a Follower of Cheibriados.
             Mangled by a gnoll sergeant
             ... wielding a +3 spear of pain
              (14 damage)
             ... on level 7 of the Dungeon.
             The game lasted 00:10:18 (5823 turns).

M4edhros the Insei (Octopode Artificer)             Turns: 5823, Time: 00:10:18

Health: -8/61      AC:  1    Str: 14    XL:     9   Next: 92%
Magic:  9/9        EV: 17    Int: 16    God:    Cheibriados [*.....]
Gold:   192        SH:  0    Dex: 20    Spells: 8/8 levels left

rFire   + . .      SeeInvis .      - Unarmed
rCold   . . .      Faith    .    (no shield)
rNeg    . . .      Spirit   .    (helmet restricted)
rPois   .          Reflect  .    x - amulet of the acrobat
rElec   .          Harm     .    (no ring)
rCorr   .          Rampage  .    (no ring)
Will    .....                    (no ring)
Stlth   +++++                    (no ring)
HPRegen 0.30/turn                (no ring)
MPRegen 0.11/turn                (no ring)
                                 (no ring)
                                 (no ring)

@: lethally poisoned (-8 -> -14), very slow
A: almost no armour, amphibious, 8 rings, camouflage 1, gelatinous body 1,
(nimble swimmer 1), tentacles, fire resistance 1
a: Renounce Religion, Bend Time


You were on level 7 of the Dungeon.
You worshipped Cheibriados.
Cheibriados was aware of your devotion.
You visited 2 branches of the dungeon, and saw 8 of its levels.
You also visited: Ossuary.

You collected 231 gold pieces.
You spent 39 gold pieces at shops.

Inventory:

Hand Weapons
 l - a +0 sling
Jewellery
 x - an amulet of the acrobat (around mantle)
Wands
 c - a wand of charming (3)
 d - a wand of iceblast (2)
 o - a wand of roots (4)
Scrolls
 a - 2 scrolls of fog {unknown}
 f - 8 scrolls of identify {unknown}
 g - 2 scrolls of enchant armour {unknown}
 h - a scroll of poison {unknown}
 i - 7 scrolls of teleportation
 k - a scroll of blinking {unknown}
 m - a scroll of noise {unknown}
 p - a scroll of immolation {unknown}
 q - 4 scrolls of enchant weapon {unknown}
 r - a scroll of amnesia {unknown}
 t - 2 scrolls of vulnerability {unknown}
 u - 3 scrolls of magic mapping {unknown}
 w - a scroll of brand weapon {unknown}
Potions
 b - a potion of brilliance
 j - 3 potions of flight
 n - a potion of degeneration
 s - a potion of haste {unknown}


   Skills:
 + Level 5.5 Fighting
 + Level 5.9 Dodging
 + Level 7.8 Stealth
 * Level 7.8 Unarmed Combat
 + Level 6.9 Evocations


You had 8 spell levels left.
You didn't know any spells.
Your spell library contained the following spells:

 Spells                   Type           Power      Damage    Failure   Level
 Apportation              Tloc           0%         N/A       26%         1
 Static Discharge         Conj/Air       0%         2-2/arc   36%         2
 Ignite Poison            Fire/Tmut/Pois 0%         N/A       58%         3
 Vhi's Electric Charge    Tloc/Air       0%         N/A       58%         3
 Sticky Flame             Conj/Fire      0%         2d3       94%         4
 Alistair's Intoxication  Tmut/Pois      0%         N/A       100%        5
 Arcjolt                  Conj/Air       0%         1d10      100%        5
 Lightning Bolt           Conj/Air       0%         1d11      100%        5
 Ignition                 Fire           0%         3d3       100%        8


Dungeon Overview and Level Annotations

Branches:
Dungeon (7/15)             Temple (1/1) D:6         Ossuary (visited)

Altars:
Ashenzari
Cheibriados
Elyvilon
Fedhas
Gozag
Hepliaklqana
Kikubaaqudgha
Nemelex Xobeh
Okawaru
Qazlal
Ru
Sif Muna
Uskayaw
Vehumet
Wu Jian
Xom
Yredelemnul
Zin
The Shining One

Shops:
D:1 :   D:2 ?

Annotations:
D:3 2 transporters, Madnessol's ghost, amateur DrTm
D:5 1 runed translucent door, xsansara's ghost, novice DgCj
D:7 Dowan; Duvessa


Innate Abilities, Weirdness & Mutations

You cannot wear most types of armour.
You are amphibious.
You can wear up to eight rings at the same time.
Your skin changes colour to match your surroundings (Stealth+).
Your rubbery body absorbs attacks. (AC +1, EV +1)
((You are camouflaged when in or above water. (Stealth+)))
You have tentacles for arms and can constrict up to eight enemies at once.
Your flesh is heat resistant. (rF+)


Message History

Duvessa misses you.
You tentacle-slap Dowan. Your grab misses Dowan. Your squeeze misses Dowan.
Dowan is moderately wounded.
You constrict Duvessa.
Duvessa hits you with a +2 short sword of venom!
You are more poisoned.
Dowan hits you with a +0 dagger. The grasping roots constrict you.
The gnoll sergeant hits you from afar with a +3 spear of pain!
You feel better.
You constrict Duvessa, but do no damage.
Duvessa hits you with a +2 short sword of venom.
You are poisoned.
Dowan hits you with a +0 dagger. The grasping roots constrict you.
The gnoll sergeant hits you from afar with a +3 spear of pain!
* * * LOW HITPOINT WARNING * * *
Duvessa hits you with a +2 short sword of venom!
* * * LOW HITPOINT WARNING * * *
You feel better.
You constrict Duvessa.
Duvessa hits you with a +2 short sword of venom!
* * * LOW HITPOINT WARNING * * *
Dowan misses you. The grasping roots constrict you.
* * * LOW HITPOINT WARNING * * *
The gnoll sergeant misses you.
The grasping roots release their grip on you.
You release your grip on Duvessa.
Dowan attacks as you move away! Dowan barely misses you.
Duvessa completely misses you. The gnoll sergeant misses you.
You feel much better.
Duvessa hits you with a +2 short sword of venom!
* * * LOW HITPOINT WARNING * * *
You are lethally poisoned!
Duvessa barely misses you. The gnoll sergeant misses you.
Aiming: Charm
Press: ? - help, Shift-Dir - straight line, f - Duvessa
Aim: Duvessa, wielding a +2 short sword of venom and wearing a +0 chain mail (severely wounded, fast, chance to affect: 49%) Duvessa resists with some effort.
* * * LOW HITPOINT WARNING * * *
You feel sick. Duvessa closely misses you.
The gnoll sergeant hits you from afar with a +3 spear of pain!
You die...

.### ## .......
##...### ####
.(..#..
#......### #...
......$
##........#+####
.......
#...........#
.......
##..........#
#.....
#.....#.....#
#.gg##..........#
#We@..........#
#####........##
###......#
###...## ###.#
#.########
#.........
##########


You could see Duvessa (fast), a phantom and 2 gnoll sergeants.

Vanquished Creatures
  Pikel (D:6)
  Maggie (D:6)
  Grinder (D:3)
  Sigmund (D:3)
  2 vampire mosquitoes (D:6)
  2 black bears (D:6)
  An ice beast (D:6)
  A sky beast (D:6)
  An ogre (D:6)
  2 phantoms
  A lemure (D:6)
  Blork the orc (D:6)
  A gnoll sergeant (D:6)
  3 scorpions
  A howler monkey (D:4)
  A jelly (D:5)
  4 orc priests
  4 hounds
  Crazy Yiuf (D:6)
  An iguana (D:5)
  2 orc wizards
  13 mummies (Ossuary)
  8 gnolls
  4 adders
  A shadow imp (D:6)
  3 white imps
  A worm (D:4)
  4 dart slugs
  13 orcs
  6 ball pythons
  8 bats
  11 endoplasms
  3 giant cockroaches
  5 goblins
  5 hobgoblins
  3 jackals (D:3)
  5 quokkas
  4 frilled lizards
  2 gnoll skeletons (Ossuary)
  4 goblin skeletons (Ossuary)
  4 kobolds
  2 kobold skeletons (Ossuary)
  6 rats
  11 rat skeletons (Ossuary)
159 creatures vanquished.

Vanquished Creatures (collateral kills)
  A lemure (D:6)
  A hound (D:5)
  2 orc wizards
  A gnoll (D:6)
  2 orcs (D:5)
7 creatures vanquished.

Vanquished Creatures (others)
  A vampire mosquito (D:6)
  An orc wizard (D:6)
  A frilled lizard (D:2)
  10 plants
13 creatures vanquished.

Grand Total: 179 creatures vanquished

Notes
Turn   | Place    | Note
-------+----------+-------------------------------------------
     0 | D:1      | M4edhros the Octopode Artificer began the quest for the
                  | Orb.
     0 | D:1      | Reached XP level 1. HP: 13/13 MP: 1/1
    44 | D:1      | Found Plog's Book Emporium.
   159 | D:1      | Reached XP level 2. HP: 8/18 MP: 2/2
   263 | D:1      | Reached skill level 1 in Unarmed Combat
   397 | D:1      | Reached XP level 3. HP: 12/23 MP: 3/3
   459 | D:2      | Found a glowing golden altar of the Shining One.
   654 | D:3      | Noticed Madnessol's ghost (amateur DrTm)
   659 | D:3      | Found a transporter.
   737 | D:4      | Reached XP level 4. HP: 28/29 MP: 4/4
   745 | D:4      | Found a sand-covered staircase.
   781 | Ossuary  | Entered an ossuary
   850 | Ossuary  | Reached XP level 5. HP: 31/34 MP: 5/5
  1313 | Ossuary  | Reached XP level 6. HP: 40/40 MP: 6/6
  1644 | D:4      | Found an ornate altar of the Wu Jian Council.
  1793 | D:5      | Entered Level 5 of the Dungeon
  1823 | D:5      | Reached XP level 7. HP: 17/45 MP: 7/7
  1848 | D:5      | Found a runed translucent door.
  1935 | D:5      | Noticed xsansara's ghost (novice DgCj)
  1984 | D:5      | Gained mutation: Your muscles are strong. (Str +4, Int/Dex
                  | -1) [potion of mutation]
  2322 | D:5      | Reached skill level 5 in Evocations
  2477 | D:6      | Reached skill level 5 in Stealth
  2477 | D:6      | Reached XP level 8. HP: 22/52 MP: 8/8
  2606 | D:6      | Found a staircase to the Ecumenical Temple.
  2611 | D:6      | Reached skill level 5 in Unarmed Combat
  2620 | Temple   | Entered the Ecumenical Temple
  2620 | Temple   | Found a transporter.
  2620 | Temple   | Found a transporter.
  2695 | Temple   | Found a transporter.
  2695 | Temple   | Found a transporter.
  3141 | D:6      | Noticed Pikel
  3242 | D:6      | Noticed Blork the orc
  3254 | D:6      | Killed Blork the orc
  3319 | D:6      | Killed Pikel
  3320 | D:6      | Reached skill level 5 in Dodging
  3320 | D:6      | Reached XP level 9. HP: 38/59 MP: 9/9
  3467 | D:6      | Found a snail-covered altar of Cheibriados.
  3473 | D:6      | Became a worshipper of Cheibriados the Contemplative
  3614 | D:5      | Found an ancient bone altar of Kikubaaqudgha.
  3750 | D:3      | Noticed Grinder
  3753 | D:3      | Paralysed by Grinder for 5 turns
  3760 | D:3      | Killed Grinder
  3761 | D:3      | Reached skill level 5 in Fighting
  3766 | D:3      | Lost mutation: Your muscles are strong. (Str +4, Int/Dex
                  | -1) [potion of mutation]
  3766 | D:3      | Gained mutation: You have very sharp teeth. [potion of
                  | mutation]
  3767 | D:3      | Lost mutation: You have very sharp teeth. [potion of
                  | mutation]
  3767 | D:3      | Gained mutation: Your flesh is heat resistant. (rF+)
                  | [potion of mutation]
  3937 | D:2      | Found Ties's Magic Scroll Shop.
  3951 | D:2      | Bought a scroll of teleportation for 39 gold pieces
  4123 | D:1      | Reached * piety under Cheibriados
  4523 | D:3      | Noticed Sigmund
  4531 | D:3      | Killed Sigmund
  4621 | D:3      | Found a transporter.
  4709 | D:4      | Identified the +3 spear of True Grit {drain, +Blink rCorr
                  | Dex-3}
  5224 | D:6      | Noticed Maggie
  5240 | D:6      | Killed Maggie
  5558 | D:6      | Found a runed translucent door.
  5559 | D:6      | Noticed Crazy Yiuf
  5678 | D:6      | Killed Crazy Yiuf
  5704 | D:7      | Found a shimmering blue altar of Sif Muna.
  5811 | D:7      | Noticed Duvessa
  5812 | D:7      | Noticed Dowan
  5823 | D:7      | Mangled by a gnoll sergeant

Illustrated notes

Levels and vault maps discovered:
D:1:      ebering_trefoil_3fold, layout_loops_ring, serial_shops, shop_statue,
          serial_bayou_pond_b, minmay_pentomino_t4
D:2:      layout_basic, serial_shops, shop, basic_altar
D:3:      layout_loops_ring, gammafunk_ghost_gnarly_gnolls, serial_rivers,
          chequers_serial_rivers_micro_e, chequers_serial_rivers_micro_a,
          chequers_serial_rivers_micro_a, chequers_serial_rivers_room_b,
          chequers_serial_rivers_micro_c, kennysheep_generic_room_16,
          uniq_sigmund, uniq_natasha, uniq_grinder
D:4:      layout_loops_cross, lemuel_crystal_altar,
          nicolae_ossuary_entry_monument, minmay_goblin_kobold_house
D:5:      layout_rooms, nicolae_overflow_hidden_temple,
          ebering_ghost_reflecting_pool, minmay_fire_ice_demons
D:6:      layout_rooms, mainiacjoe_overflow_alcove_2,
          minmay_temple_entry_large_hall, serial_bayou_pond_b,
          uniq_crazy_yiuf_cottage, uniq_blork_the_orc, uniq_maggie, uniq_pikel
D:7:      minmay_skewed_foursquare, layout_loops_ring,
          nicolae_sif_muna_condensation, st_stairs_5, uniq_duvessa
Temple:   hellmonk_temple_divided_pantheon

Skill      XL: |  1  2  3  4  5  6  7  8  9 |
---------------+----------------------------+-----
Unarmed Combat | 1 2 3 4 6 7 |  7.8
Stealth        | 2 3 4 5 6 7 |  7.8
Fighting       | 2 3 4 5 |  5.5
Evocations     | 4 5 6 |  6.9
Dodging        | 3 4 5 |  5.9

Action                   |  1- 3 |  4- 6 |  7- 9 || total
-------------------------+-------+-------+-------++-------
Melee: Unarmed           |    90 |   147 |   224 ||   461
       Constrict         |    23 |    38 |    47 ||   108
       Tentacles         |    20 |    31 |    53 ||   104
       Punch             |     5 |     9 |    16 ||    30
Evoke: Wand              |       |     9 |    26 ||    35
  Use: Potion            |       |       |    12 ||    12
 Stab: Sleeping          |     4 |    11 |    21 ||    36
       Distracted        |       |       |     3 ||     3
Armor: Skin              |     9 |     3 |     7 ||    19
Dodge: Dodged            |    61 |    61 |   159 ||   281

Table legend: (Time is in decaauts)
 A = Elapsed time spent in this place.
 B = Non-inter-level travel time spent in this place.
 C = Inter-level travel time spent in this place.
 D = Time resting spent in this place.
 E = Time spent auto-exploring this place.
 F = Levels seen in this place.
 G = Mean time per level.
                   A        B        C        D        E       F      G
               +--------+--------+--------+--------+--------+-----+--------+
         Total |   6470 |   6108 |    362 |    790 |   3912 |   9 |  718.9 |
       Dungeon |   5530 |   5181 |    349 |    710 |   3275 |   7 |  790.0 |
        Temple |    110 |     97 |     13 |      0 |     74 |   1 |  110.0 |
       Ossuary |    829 |    829 |      0 |     80 |    563 |   1 |  829.0 |
               +--------+--------+--------+--------+--------+-----+--------+

Top non-repeatable levels by time:
     D:6: 1735 daAuts
     D:2: 954 daAuts
     D:5: 944 daAuts
 Ossuary: 829 daAuts
     D:4: 718 daAuts
     D:3: 509 daAuts
     D:1: 505 daAuts
     D:7: 162 daAuts
  Temple: 110 daAuts
